 Dungeon Crawl Stone Soup version 0.17-a0-1554-g3b847ca (webtiles) character file.

10276 Delvonshi the Warrior (level 11, -10/112 HPs)
             Began as a Minotaur Chaos Knight on July 19, 2015.
             Mangled by Snorg (18 damage)
             ... on level 11 of the Dungeon on July 20, 2015.
             The game lasted 01:02:55 (11677 turns).

Delvonshi the Warrior (Minotaur Chaos Knight)      Turns: 11677, Time: 01:02:57

Health: -10/112    AC: 12    Str: 17 (19) XL:     11   Next: 34%
Magic:  10/10      EV: 15    Int: 10      God:    Xom [.....*]
Gold:   414        SH:  0    Dex: 12      Spells: 0 memorised, 10 levels left

rFire  + + .     SeeInvis .     W - +2 war axe
rCold  . . .     Clarity  .     o - +0 ring mail {MR+}
rNeg   . . .     SustAt   .     (no shield)
rPois  .         Gourm    .     (helmet restricted)
rElec  .         Spirit   .     L - +1 cloak
rCorr  .         Warding  .     (no gloves)
rMut   .         Stasis   .     E - +1 pair of boots
MR     ++...                    (no amulet)
Stlth  ++........               n - ring of protection from fire
                                Q - +4 ring of evasion

@: about to teleport, hasted, very quick, very resistant to hostile
enchantments, unstealthy
A: retaliatory headbutt, hooves 1, horns 2, camouflage 1, agile 1, breathe
flames 1, deterioration 1, fire resistance 1, magic resistance 1, wild magic 1,
evolution 1
a: Renounce Religion, Breathe Fire


You were on level 11 of the Dungeon.
You worshipped Xom.
You were Xom's teddy bear.
You were hungry.

You visited 2 branches of the dungeon, and saw 12 of its levels.
You also visited: Sewer.

You collected 614 gold pieces.
You spent 200 gold pieces at shops.

Inventory:

Hand weapons
 f - a +0 hand axe of flaming
 O - a +0 blowgun
 P - a +0 hand crossbow of flaming
 W - a +2 war axe (weapon)
Missiles
 t - 10 javelins (quivered)
 x - 73 poisoned needles
 J - 17 bolts
Armour
 h - a +0 shield
 o - a +0 ring mail of magic resistance (worn)
 E - a +1 pair of boots (worn)
 L - a +1 cloak (worn)
Rods
 e - a +2 rod of clouds (7/13)
   (Xom gifted it to you on level 10 of the Dungeon)
Jewellery
 n - a ring of protection from fire (right hand)
 Q - a +4 ring of evasion (left hand)
 T - an uncursed amulet of faith
Magical devices
 u - a wand of disintegration (17)
 y - a wand of random effects (17)
 U - a wand of cold (8)
 V - a wand of slowing (4)
 Y - a wand of random effects (35)
Scrolls
 a - 5 scrolls of recharging {unknown}
 k - 2 scrolls of fog {unknown}
 q - 5 scrolls of remove curse
 s - 2 scrolls of random uselessness {unknown}
 v - 3 scrolls of blinking {unknown}
 B - a scroll of noise {unknown}
 D - 2 scrolls of enchant weapon {unknown}
 G - 3 scrolls of immolation
 I - 2 scrolls of amnesia {unknown}
 N - a scroll of identify
 R - a scroll of magic mapping {unknown}
 S - 5 scrolls of teleportation
Potions
 b - 2 potions of lignification
 g - 2 potions of heal wounds
 i - a potion of curing
 l - 2 potions of haste
 m - 2 potions of mutation
 r - 3 potions of agility
 w - 2 potions of resistance {unknown}
 A - 2 potions of flight {unknown}
 C - 2 potions of might {unknown}
 H - a potion of magic {unknown}
 X - a potion of cure mutation {unknown}
 Z - a potion of brilliance {unknown}
Books
 d - a book of Conjurations

   Spells                             Type                      Level
   a - Magic Dart                     Conjuration                  1
   b - Searing Ray                    Conjuration                  2
   c - Dazzling Spray                 Conjuration/Hexes            3
   d - Fulminant Prism                Conjuration/Hexes            4
   e - Iskenderun's Mystic Blast      Conjuration                  4
   f - Iskenderun's Battlesphere      Conjuration/Charms           5
 j - a book of the Dragon

   Spells                             Type                      Level
   a - Flame Tongue                   Conjuration/Fire             1
   b - Cause Fear                     Hexes                        4
   c - Bolt of Fire                   Conjuration/Fire             6
   d - Dragon Form                    Transmutation                7
   e - Dragon's Call                  Summoning                    9
 p - a book of Hinderance

   Spells                             Type                      Level
   a - Confusing Touch                Hexes                        2
   b - Confuse                        Hexes                        3
   c - Gell's Gravitas                Hexes/Translocation          3
   d - Petrify                        Transmutation/Earth          4
   e - Metabolic Englaciation         Hexes/Ice                    5
 M - a book of Beasts

   Spells                             Type                      Level
   a - Summon Butterflies             Summoning                    1
   b - Call Canine Familiar           Summoning                    3
   c - Summon Ice Beast               Ice/Summoning                4
   d - Summon Mana Viper              Hexes/Summoning              5
   e - Summon Hydra                   Summoning                    7
Comestibles
 c - 9 bread rations
 z - 7 slices of pizza
 F - 6 meat rations
 K - 13 fruits


   Skills:
 + Level 15.0 Fighting
 - Level 11.1 Axes
 + Level 10.2 Armour
 - Level 1.1 Dodging
 * Level 3.2 Shields


You had 10 spell levels left.
You didn't know any spells.

Dungeon Overview and Level Annotations

Branches:
Dungeon (11/15)            Temple (1/1) D:6            Lair (0/8) D:8
    Orc: D:9-12

Altars:
Dithmenos
Elyvilon
Fedhas
Gozag
Kikubaaqudgha
Makhleb
Nemelex Xobeh
Okawaru
Qazlal
Ru
Sif Muna
Trog
Vehumet
Xom
Yredelemnul
Zin
The Shining One

Shops:
D:9 }[

Annotations:
D:11 Snorg


Innate Abilities, Weirdness & Mutations

You reflexively headbutt those who attack you in melee.
You have a pair of horns on your head.
You have large cloven feet.
Your skin changes colour to match your surroundings (Stealth).
You are agile. (Dex +2)
You can breathe flames.
Your body sometimes deteriorates upon taking damage.
Your flesh is heat resistant.
You are resistant to hostile enchantments.
Your spells are a little harder to cast, but a little more powerful.
You evolve.


Message History

Snorg bites you. Snorg misses you. Snorg claws you! Snorg bites you!!
Your body deteriorates!
You feel weakened. Snorg closely misses you. Snorg claws you! Snorg bites you.
Snorg misses you. Snorg claws you!
* * * LOW HITPOINT WARNING * * *
Your body deteriorates!
You feel weakened.
Read which item? (? for menu, Esc to quit)
As you read the scroll of teleportation, it crumbles to dust.
You feel strangely unstable. Snorg misses you. Snorg barely misses you.
Snorg barely misses you.
Read which item? (? for menu, Esc to quit)
Okay, then.
Drink which item? (? for menu, Esc to quit)
You feel yourself speed up. Snorg bites you!
* * * LOW HITPOINT WARNING * * *
Snorg closely misses you. Snorg claws you but does no damage. Snorg bites you.
* * * LOW HITPOINT WARNING * * *
Snorg claws you but does no damage. Snorg claws you!!
You die...
Xom laughs nastily!

#....# #.#.......#######.#
###### #.#.......# #.#
#.#...)...# #.#
########.#.......# #.#
.........#.......# #.#
.........#.###..########.#
.........#.###.>.........#
.........#.§§........#####
.........#.§§..T@....#
.........#.§§§.......#
.........#.§§§.......#
.........#.###'#######
..######.# #.# ..# .# ...
#.# # #### #.# ..#


You could see Snorg (berserk).

Vanquished Creatures
  A hydra (D:8)
  Urug (D:10)
  2 hill giants
  A cyclops (D:8)
  Joseph (D:7)
  An efreet (D:4)
  A two-headed ogre (D:10)
  Sigmund (D:2)
  The ghost of Econoterrorist the Grappler, an average VSMo (D:4)
  The ghost of MadQueen the Sneak, an average SpAs of Gozag (D:5)
  A steam dragon (D:9)
  2 yaks (D:8)
  A hungry ghost (D:10)
  2 wargs (D:8)
  2 hippogriffs
  A sky beast (D:11)
  A boggart (shapeshifter) (D:5)
  A black bear (D:8)
  3 orc warriors
  4 ogres
  4 necrophages (D:6)
  2 phantoms (D:5)
  A wasp (D:9)
  2 centaurs
  9 big kobolds
  7 giant frogs
  A gnoll sergeant (D:9)
  4 scorpions
  11 wights
  A quasit (D:10)
  7 crimson imps
  2 giant frog zombies (D:10)
  A centaur zombie (D:6)
  2 jellies (D:10)
  2 giant frog skeletons
  3 orc priests
  2 gnoll shamans
  4 hounds
  5 orc wizards
  Jessica (D:2)
  2 centaur skeletons
  2 iguanas
  5 sheep (D:8)
  5 worker ants
  A hound skeleton (D:10)
  18 adders
  17 gnolls
  3 river rats (Sewer)
  2 worker ant zombies
  3 shadow imps
  8 oozes
  An adder zombie (D:9)
  4 adder skeletons
  5 worms
  7 giant geckos
  31 orcs
  A bat skeleton (D:4)
  4 bat zombies (D:6)
  7 giant cockroaches
  14 hobgoblins
  9 jackals
  39 kobolds
  9 quokkas
  7 ball pythons
  11 bats
  A giant gecko skeleton (D:8)
  A giant gecko zombie (D:8)
  2 giant newts
  14 goblins
  A kobold (shapeshifter) (D:4)
  A quokka zombie (D:6)
  23 rats
  A spectral orc (D:8)
  A bush (D:6)
  3 fungi (D:8)
  A plant (D:6)
364 creatures vanquished.

Vanquished Creatures (collateral kills)
  A hydra (D:11)
  A big kobold (Sewer)
  2 bats (D:2)
4 creatures vanquished.

Vanquished Creatures (others)
  A big kobold (D:8)
  A worm (Sewer)
  A bush (D:6)
  4 plants (D:6)
7 creatures vanquished.

Grand Total: 375 creatures vanquished

Notes
Turn   | Place    | Note
--------------------------------------------------------------
     0 | D:1      | Delvonshi the Minotaur Chaos Knight began the quest for the Orb.
     0 | D:1      | Reached XP level 1. HP: 19/19 MP: 0/0
    38 | D:1      | Reached skill level 4 in Axes
    74 | D:1      | Reached XP level 2. HP: 21/27 MP: 1/1
   791 | D:1      | XOM is BORED!
   791 | D:1      | XOM: harmless Erth miscast
   841 | D:1      | Reached XP level 3. HP: 33/33 MP: 2/2
   888 | D:2      | XOM: potion effect (brilliance)
  1000 | D:2      | Found a faded altar to an unknown god.
  1055 | D:2      | Reached skill level 5 in Axes
  1106 | D:2      | XOM: harmless Ice miscast
  1138 | D:2      | Noticed Jessica
  1147 | D:2      | Killed Jessica
  1147 | D:2      | Reached XP level 4. HP: 36/41 MP: 3/3
  1159 | D:2      | Noticed Sigmund
  1166 | D:2      | XOM: divination: detect creatures
  1169 | D:2      | Reached skill level 5 in Fighting
  1169 | D:2      | Killed Sigmund
  1169 | D:2      | Reached skill level 6 in Fighting
  1169 | D:2      | Reached XP level 5. HP: 32/50 MP: 4/4
  1458 | D:3      | XOM: noise
  1502 | D:3      | Reached XP level 6. HP: 52/57 MP: 5/5
  1626 | D:3      | XOM: blink monster(s)
  1709 | D:3      | XOM: medium Ice miscast
  1711 | D:3      | XOM: 3-stop teleportation journey
  1722 | D:3      | XOM: mild Trmt miscast
  1870 | D:3      | XOM: silly message
  2139 | D:4      | Reached skill level 7 in Axes
  2187 | D:4      | XOM: colour smoke trail
  2293 | D:4      | Noticed Econoterrorist's ghost (average VSMo)
  2299 | D:4      | Killed Econoterrorist's ghost
  2299 | D:4      | Reached XP level 7. HP: 40/66 MP: 6/6
  2379 | D:4      | XOM: summons 3 hostile demons
  2402 | D:4      | XOM: chaos upgrade
  2604 | D:4      | XOM: noise
  2795 | D:4      | XOM: noise
  2827 | D:4      | Reached skill level 8 in Fighting
  2858 | D:4      | Noticed an efreet
  2858 | D:4      | a crimson imp changed into an efreet
  2863 | D:4      | Killed an efreet
  2863 | D:4      | Reached XP level 8. HP: 40/75 MP: 7/7
  3157 | D:4      | XOM: severe Tloc miscast
  3392 | D:4      | Reached skill level 9 in Axes
  3514 | D:4      | XOM: summons 4 hostile demons
  3532 | D:4      | XOM: draining
  3555 | D:4      | XOM: god gift: meat ration
  3612 | D:4      | XOM: 3-stop teleportation journey
  3642 | D:5      | Entered Level 5 of the Dungeon
  3704 | D:5      | XOM: fog
  3743 | D:5      | Noticed MadQueen's ghost (average SpAs)
  3760 | D:5      | XOM: fake destruction
  3764 | D:5      | Killed MadQueen's ghost
  3785 | D:5      | Reached skill level 10 in Axes
  3805 | D:5      | XOM: god gift: scroll labeled MITHRU DAK GON
  3811 | D:5      | Reached skill level 10 in Fighting
  3842 | D:5      | Found a glowing drain.
  3846 | Sewer    | Entered a sewer
  3961 | Sewer    | XOM: god gift: scroll labeled XEWKAE TOTTOWAU
  4202 | Sewer    | XOM: divination: detect creatures
  4207 | Sewer    | XOM: fog
  4209 | Sewer    | XOM: confuse monster(s)
  4394 | Sewer    | XOM: silly message
  4399 | Sewer    | XOM: potion effect (berserk rage)
  4402 | Sewer    | Reached XP level 9. HP: 86/86 MP: 8/8
  4413 | Sewer    | XOM: god gift: bread ration
  4491 | D:5      | Found a bloodstained altar of Trog.
  4781 | D:6      | Found a blossoming altar of Fedhas.
  4982 | D:6      | XOM: potion effect (brilliance)
  4985 | D:6      | Reached skill level 11 in Axes
  5162 | D:6      | XOM: divination: detect items
  5177 | D:6      | XOM: divination: detect creatures
  5246 | D:5      | XOM: mild Air miscast
  5356 | D:5      | XOM: medium Divn miscast
  5383 | D:6      | XOM: medium Erth miscast
  5510 | D:6      | XOM: chaos cloud
  5511 | D:6      | Paralysed by you for 3 turns
  5851 | D:6      | Found a staircase to the Ecumenical Temple.
  5942 | D:6      | Reached skill level 12 in Fighting
  6064 | D:7      | Found a deep blue altar of Sif Muna.
  6064 | D:7      | Noticed Joseph
  6093 | D:7      | Killed Joseph
  6096 | D:7      | Found a glowing golden altar of the Shining One.
  6152 | Temple   | Entered the Ecumenical Temple
  6351 | D:7      | XOM: harmless Ice miscast
  6464 | D:7      | Reached skill level 5 in Armour
  6549 | D:7      | Noticed a hill giant
  6576 | D:7      | XOM: harmless Divn miscast
  6805 | D:6      | XOM: potion effect (brilliance)
  6837 | D:7      | XOM: summons friendly shadow imp
  6883 | D:7      | XOM: polymorph shadow imp -> white imp
  6908 | D:7      | XOM: enchant monster (good)
  6909 | D:7      | Killed a hill giant
  6909 | D:7      | Reached skill level 13 in Fighting
  6909 | D:7      | Reached XP level 10. HP: 74/101 MP: 9/9
  7189 | D:7      | XOM: noise
  7365 | D:8      | XOM: stat loss: -1 Str (18/19)
  7457 | D:8      | Found a staircase to the Lair.
  7522 | D:8      | XOM: 3-stop teleportation journey
  7826 | D:8      | Found a basalt altar of Yredelemnul.
  8119 | D:8      | XOM is BORED!
  8119 | D:8      | XOM: give mutations
  8119 | D:8      | Gained mutation: You evolve. [Xom's mischief]
  8119 | D:8      | Gained mutation: Your body sometimes deteriorates upon taking damage. [Xom's mischief]
  8247 | D:8      | Noticed a cyclops
  8257 | D:8      | XOM: noise
  8260 | D:8      | Killed a cyclops
  8420 | D:8      | XOM: harmless Summ miscast
  8458 | D:8      | Reached skill level 14 in Fighting
  8476 | D:8      | Noticed a two-headed hydra
  8479 | D:8      | XOM: divine lightning
  8484 | D:8      | Killed a two-headed hydra
  8812 | D:8      | XOM: noise
  8933 | D:8      | Gained mutation: Your spells are a little harder to cast, but a little more powerful. [evolution]
  9085 | D:9      | Found Iwocom's Gadget Emporium.
  9091 | D:9      | XOM: noise
  9133 | D:9      | Bought a wand of random effects (23) for 200 gold pieces
  9331 | D:9      | Found Diedauv's Armour Boutique.
  9379 | D:9      | XOM: confuse monster(s)
  9403 | D:9      | Found a burning altar of Makhleb.
  9403 | D:9      | Noticed a green death
  9717 | D:9      | XOM: 3-stop teleportation journey
  9793 | D:10     | Entered Level 10 of the Dungeon
 10085 | D:10     | XOM: divination: detect creatures
 10087 | D:10     | Reached XP level 11. HP: 111/111 MP: 10/10
 10147 | D:10     | XOM: divination: detect creatures
 10279 | D:10     | XOM: give mutation
 10279 | D:10     | Gained mutation: You are resistant to hostile enchantments. [Xom's grace]
 10324 | D:10     | XOM: give mutations
 10324 | D:10     | Gained mutation: You can breathe flames. [Xom's grace]
 10324 | D:10     | Gained mutation: You have large cloven feet. [Xom's grace]
 10324 | D:10     | Gained mutation: You are agile. (Dex +2) [Xom's grace]
 10460 | D:10     | XOM: give mutation
 10460 | D:10     | Gained mutation: Your skin changes colour to match your surroundings (Stealth). [Xom's grace]
 10647 | D:10     | XOM: god gift: long smoking rod {god gift}
 10658 | D:10     | Identified a +2 rod of clouds (13/13) (Xom gifted it to you on level 10 of the Dungeon)
 10668 | D:10     | XOM: 1-stop teleportation journey
 10717 | D:10     | Noticed Urug
 10723 | D:10     | XOM: summons 2 friendly demons
 10735 | D:10     | XOM: cast spell 'Confusing Touch'
 10743 | D:10     | XOM: cast spell 'Discord'
 10751 | D:10     | XOM: enchant monster (bad)
 10757 | D:10     | Killed Urug
 10800 | D:10     | XOM: medium Ice miscast
 10842 | D:10     | XOM: colour smoke trail
 11045 | D:10     | XOM: colour smoke trail
 11235 | D:11     | Gained mutation: Your flesh is heat resistant. [evolution]
 11369 | D:11     | Reached skill level 1 in Shields
 11377 | D:11     | XOM: silly message
 11386 | D:11     | Reached skill level 10 in Armour
 11432 | D:11     | Noticed an eight-headed hydra
 11436 | D:11     | XOM: silly message
 11438 | D:11     | XOM: enchant monster (good)
 11441 | D:11     | XOM: summons friendly iron imp
 11446 | D:11     | XOM: summons 4 friendly demons
 11451 | D:11     | Killed a seven-headed hydra
 11592 | D:11     | Noticed a hill giant
 11625 | D:11     | Killed a hill giant
 11625 | D:11     | Reached skill level 15 in Fighting
 11666 | D:11     | Noticed Snorg
 11677 | D:11     | Mangled by Snorg

Vault maps used:
D:1:      elethiomel_arrival_quiet, minmay_liquid_box
D:2:      ecumenical_altar_2, first_bread, uniq_jessica, uniq_sigmund
D:3:      minmay_misc_feat_secret_circle, minmay_misc_feat_square,
          corexii_corridor_pit, kennysheep_generic_room_5
D:4:      forest_paths
D:5:      lightli_temple_of_fire, gup_sewer_entry_bowl, minmay_strange_pillars
D:6:      fedhas_altar_decomposition, minmay_temple_entry_large_hall
D:7:      nicolae_overflow_hidden_temple, st_stairs_8, minmay_three_doors,
          uniq_joseph
D:8:      yredelemnul_forgotten_temple_becter, erik_lair_orcish_takeover,
          hangedman_ranch, minmay_gold_behind_fungi
D:9:      lemuel_upstairs_altar, makhleb_altar_promises_db, serial_shops,
          nicolae_shop_trees, kennysheep_small_circle
D:10:     uniq_urug
D:11:     uniq_snorg
Temple:   oiseaux_autumnal_temple_12
Sewer:    sewer_co_tree

Action                   |  1- 3 |  4- 6 |  7- 9 | 10-12 || total
-------------------------+-------+-------+-------+-------++-------
Melee: Hand axe          |    75 |   122 |   399 |     2 ||   598
       War axe           |       |       |   111 |   314 ||   425
 Fire: Blowgun           |       |       |     1 |    19 ||    20
       Hand crossbow     |       |       |       |     5 ||     5
Throw: Javelin           |       |     5 |    10 |       ||    15
       Tomahawk          |       |       |     3 |       ||     3
Evoke: Wand              |       |       |       |     7 ||     7
       Rod               |       |       |       |     1 ||     1
  Use: Scroll            |       |       |     1 |    10 ||    11
       Potion            |       |       |       |     2 ||     2
 Stab: Paralysed         |       |     1 |     2 |       ||     3
       Petrifying        |       |     1 |     1 |       ||     2
       Confused          |       |       |     4 |       ||     4
       Petrified         |       |       |     1 |       ||     1
  Eat: Chunk             |     1 |     3 |    12 |    10 ||    26
       Meat ration       |       |       |     1 |       ||     1
       Fruit             |       |       |       |     1 ||     1
       Bread ration      |       |       |       |     1 ||     1
